 Dungeon Crawl Stone Soup version 0.21-a0-81-gc5150db (webtiles) character file.

5614 Kiturien the Cleaver (level 10, -4/90 HPs)
             Began as a Minotaur Fighter on June 23, 2017.
             Was a Follower of Ashenzari.
             Succumbed to a killer bee's poison
             ... on level 9 of the Dungeon.
             The game lasted 00:28:04 (6827 turns).

Kiturien the Cleaver (Minotaur Fighter)             Turns: 6827, Time: 00:28:05

Health: -4/90      AC: 11    Str: 33    XL:     10   Next: 45%
Magic:  0/9        EV: 11    Int:  5    God:    Ashenzari [*.....]
Gold:   390        SH:  0    Dex: 13    Spells: 9/9 levels left

rFire    . . .     SeeInvis .   A - +3 battleaxe (curse)
rCold    + . .     Gourm    .   (shield currently unavailable)
rNeg     . . .     Faith    .   s - +0 scale mail {rC+}
rPois    .         Spirit   +   K - +2 hat
rElec    .         Reflect  .   (no cloak)
rCorr    .         Harm     .   (no gloves)
MR       ++...                  h - +0 pair of boots
Stlth    ..........             i - amulet of guardian spirit (curse)
HPRegen  0.25/turn              e - +6 ring of strength
MPRegen  0.11/turn              p - +4 ring of strength

@: lethally poisoned (-4 -> -66)
A: retaliatory headbutt, horns 2, agile 1, magic resistance 2
a: Curse Item, Scrying, Renounce Religion


You were on level 9 of the Dungeon.
You worshipped Ashenzari.
Ashenzari was aware of your devotion.
You were hungry.

You visited 2 branches of the dungeon, and saw 10 of its levels.

You collected 390 gold pieces.

Inventory:

Hand Weapons
 a - a +1 war axe
 A - a cursed +3 battleaxe (weapon)
 E - the +7 trident of Hul Cisu {pierce, rF+ Dex+2}
   (You found it on level 7 of the Dungeon)

   It inflicts extra damage upon your enemies.
   It affects your dexterity (+2).
   It protects you from fire.
Armour
 c - a +1 shield
 h - a +0 pair of boots (worn)
 s - a +0 scale mail of cold resistance (worn)
 K - a +2 hat (worn)
Jewellery
 e - a +6 ring of strength (left hand)
 i - a cursed amulet of guardian spirit (around neck)
 j - an uncursed ring of positive energy
 k - an uncursed ring of fire
 p - a +4 ring of strength (right hand)
 q - an uncursed amulet of the gourmand
Wands
 n - a wand of digging (11/24)
 o - a wand of acid (7/15)
 z - a wand of clouds (6/9)
 I - a wand of paralysis (8/24)
Scrolls
 b - 2 scrolls of blinking
 l - 6 scrolls of magic mapping
 r - 3 scrolls of amnesia
 t - 3 scrolls of teleportation
 v - 6 scrolls of identify
 x - a scroll of enchant weapon
 y - a scroll of enchant armour
 B - a scroll of immolation {unknown}
 J - a scroll of remove curse
Potions
 d - 2 potions of might
 u - 4 potions of brilliance {unknown}
 C - 2 potions of flight {unknown}
 F - a potion of invisibility {unknown}
 H - a potion of ambrosia {unknown}
Comestibles
 f - 5 bread rations
 g - 6 fruits
 m - 7 meat rations


   Skills:
 + Level 8.7 Fighting
 + Level 12.7 Axes
 + Level 9.4 Armour
 + Level 2.0 Dodging
 - Level 7.6 Shields


You had 9 spell levels left.
You didn't know any spells.

Dungeon Overview and Level Annotations

Branches:
Dungeon (9/15)             Temple (1/1) D:5
   Lair: D:8-11         Orc: D:9-12

Altars:
Ashenzari
Cheibriados
Dithmenos
Elyvilon
Fedhas
Gozag
Hepliaklqana
Makhleb
Nemelex Xobeh
Okawaru
Qazlal
Ru
Sif Muna
Trog
Uskayaw
Vehumet
Wu Jian
Xom
Yredelemnul
Zin
The Shining One

Shops:
D:8 *


Innate Abilities, Weirdness & Mutations

You reflexively headbutt those who attack you in melee.
You have a pair of horns on your head.
You are agile. (Dex +2)
You are highly resistant to hostile enchantments. (MR++)


Message History

The killer bee goes berserk!
You hit the killer bee.
The killer bee is heavily wounded.
You slash the queen bee!
* * * LOW HITPOINT WARNING * * *
You feel very sick.
The killer bee stings you but does no damage.
The killer bee stings you!
* * * LOW HITPOINT WARNING * * *
You are more poisoned.
The killer bee poisons you!
The killer bee stings you but does no damage.
The queen bee stings you!
* * * LOW HITPOINT WARNING * * *
You barely miss the killer bee. You headbutt the killer bee!
You kill the killer bee!
You slash the queen bee!
You kill the queen bee!
Your Dodging skill increases to level 2!
You die...

## .# # #. .# .#
#..# .####..##
#....##.#......
#....yyyZ.....#
#######†####### #.@#
##†# ##+######
###'### #.......#
#...#.####.......#
#.#.#.#..'.......#
{#...#.'.##.......#
###.###.####.......#
#...#..†# #.......#
#.#.#####.#
#.<.....#


You could see 3 killer bees.

Vanquished Creatures
  Erica (D:8)
  A two-headed ogre (D:8)
  A queen bee (D:9)
  Grinder (D:6)
  2 hippogriffs
  2 water moccasins
  An ice beast (D:8)
  A phantom (D:8)
  An eye of draining (D:8)
  A sky beast (D:7)
  A centaur (D:8)
  5 ogres
  4 bullfrogs (D:6)
  A wyvern zombie (D:8)
  21 killer bees
  11 wights (D:6)
  3 crimson imps (D:8)
  A centaur zombie (D:7)
  3 hounds
  3 orc priests
  An orc wizard (D:6)
  2 iguanas
  2 bullfrog skeletons
  A worker ant (D:4)
  Natasha (thrice) (D:3)
  Terence (D:2)
  2 hound skeletons (D:6)
  A worker ant zombie (D:8)
  A howler monkey zombie (D:7)
  9 adders
  4 gnolls (D:4)
  A shadow imp (D:7)
  An ooze (D:7)
  An adder skeleton (D:6)
  3 worms
  3 dart slugs
  7 leopard geckos
  15 orcs
  8 giant cockroaches
  3 goblins
  4 hobgoblins
  7 jackals
  6 quokkas
  5 ball pythons
  9 bats
  5 frilled lizards
  2 kobolds (D:1)
  A leopard gecko skeleton (D:7)
  2 leopard gecko zombies
  A quokka zombie (D:5)
  5 rats
181 creatures vanquished.

Vanquished Creatures (others)
  A fungus (D:3)
1 creature vanquished.

Grand Total: 182 creatures vanquished

Notes
Turn   | Place    | Note
-------+----------+-------------------------------------------
     0 | D:1      | Kiturien the Minotaur Fighter began the quest for the Orb.
     0 | D:1      | Reached XP level 1. HP: 19/19 MP: 0/0
     0 | D:1      | Noticed a centaur
     0 | D:1      | Noticed an octopode
     2 | D:1      | Noticed a minotaur skeleton
     2 | D:1      | Noticed an octopode
     4 | D:1      | Noticed a draconian
    13 | D:1      | Noticed a gargoyle
   222 | D:1      | Reached XP level 2. HP: 25/27 MP: 1/1
   664 | D:1      | Gained mutation: Scrolls take you a little longer to read. [potion of mutation]
   664 | D:1      | Gained mutation: You have an increased reservoir of magic. (+10% MP) [potion of mutation]
   712 | D:2      | Reached XP level 3. HP: 32/33 MP: 2/2
   847 | D:2      | Noticed Terence
   853 | D:2      | Killed Terence
   853 | D:2      | Reached skill level 3 in Axes
   871 | D:2      | Reached XP level 4. HP: 36/41 MP: 3/3
  1212 | D:2      | Lost mutation: Scrolls take you a little longer to read. [potion of mutation]
  1212 | D:2      | Gained mutation: You are resistant to hostile enchantments. (MR+) [potion of mutation]
  1212 | D:2      | Lost mutation: You have an increased reservoir of magic. (+10% MP) [potion of mutation]
  1212 | D:2      | Gained mutation: Your spells are a little harder to cast, but a little more powerful. [potion of mutation]
  1308 | D:3      | Lost mutation: Your spells are a little harder to cast, but a little more powerful. [potion of mutation]
  1308 | D:3      | Lost mutation: You are resistant to hostile enchantments. (MR+) [potion of mutation]
  1308 | D:3      | Gained mutation: You are resistant to hostile enchantments. (MR+) [potion of mutation]
  1308 | D:3      | Gained mutation: You are highly resistant to hostile enchantments. (MR++) [potion of mutation]
  1386 | D:3      | Noticed Natasha
  1410 | D:3      | Killed Natasha
  1460 | D:3      | Found a shadowy altar of Dithmenos.
  1489 | D:3      | Noticed Natasha
  1491 | D:3      | Killed Natasha
  1491 | D:3      | Reached skill level 4 in Axes
  1491 | D:3      | Reached XP level 5. HP: 34/47 MP: 4/4
  1706 | D:3      | Noticed Natasha
  1709 | D:3      | Killed Natasha
  1733 | D:3      | Reached skill level 5 in Shields
  1877 | D:4      | Found a shattered altar of Ashenzari.
  1895 | D:4      | Reached skill level 5 in Axes
  2133 | D:4      | Became a worshipper of Ashenzari the Shackled
  2189 | D:4      | Reached XP level 6. HP: 39/55 MP: 5/5
  2231 | D:4      | Reached skill level 5 in Fighting
  2293 | D:4      | Reached skill level 5 in Armour
  2658 | D:5      | Entered Level 5 of the Dungeon
  2700 | D:5      | Reached skill level 6 in Axes
  2722 | D:5      | Reached XP level 7. HP: 51/61 MP: 4/6
  2764 | D:5      | Found a staircase to the Ecumenical Temple.
  2778 | Temple   | Entered the Ecumenical Temple
  3123 | D:5      | Found a shimmering altar of Xom.
  3525 | D:6      | Reached skill level 7 in Axes
  3694 | D:6      | Reached XP level 8. HP: 43/70 MP: 5/7
  3705 | D:6      | Reached skill level 8 in Axes
  3706 | D:6      | Noticed Grinder
  3723 | D:6      | Killed Grinder
  3729 | D:6      | Reached skill level 9 in Axes
  3818 | D:6      | Noticed a hippogriff
  3825 | D:6      | Killed a hippogriff
  4094 | D:6      | Reached * piety under Ashenzari
  4237 | D:6      | Reached XP level 9. HP: 23/78 MP: 3/8
  4590 | D:6      | Found an iron altar of Okawaru.
  4752 | D:7      | Identified the +7 trident of Hul Cisu {pierce, rF+ Dex+2}
  4759 | D:7      | Gained mutation: You are agile. (Dex +2) [mutagenic meat]
  4943 | D:7      | Reached skill level 10 in Axes
  5824 | D:8      | Reached skill level 11 in Axes
  5867 | D:8      | Noticed Erica
  5875 | D:8      | Killed Erica
  5877 | D:8      | Found Zayrig's General Store.
  5912 | D:8      | Reached XP level 10. HP: 25/88 MP: 3/9
  5954 | D:8      | HP: 4/88 [poisoned by a water moccasin]
  5956 | D:8      | Reached skill level 12 in Axes
  5996 | D:8      | Noticed a two-headed ogre
  6008 | D:8      | Reached skill level 1 in Dodging
  6010 | D:8      | HP: 4/88 [poisoned by a killer bee]
  6406 | D:8      | Killed a two-headed ogre
  6725 | D:8      | Found a burning altar of Makhleb.
  6826 | D:9      | HP: 1/90 [queen bee (7)]
  6827 | D:9      | Succumbed to a killer bee's poison

Vault maps used:
D:1:      shiori_arrival_whats_in_store_for_you, st_stairs_12
D:2:      uniq_terence
D:3:      overflow_temple_1_default, minmay_shallow_snake_nest, uniq_natasha
D:4:      ashenzari_altar_1
D:5:      lemuel_ice_spiral_2, xom_teletrap_fun, minmay_temple_entry_poolview,
          first_bread
D:6:      kennysheep_little_box, st_stairs_12, uniq_grinder
D:8:      makhleb_grotto_becter, serial_shops, shop, uniq_erica
D:9:      kennysheep_vampire_church, serial_shops, shop, david_nohive_1,
          nrook_mini_backslash, elyvilon_altar_3
Temple:   minmay_temple_bridge_d

Skill      XL: |  1  2  3  4  5  6  7  8  9 10 |
---------------+-------------------------------+-----
Shields        | 4 5 6 7 |  7.6
Fighting       | 4 5 6 7 8 |  8.7
Armour         | 4 5 6 8 9 |  9.4
Axes           | 3 4 5 6 7 9 11 12 | 12.7
Dodging        | 2 |  2.0

Action                   |  1- 3 |  4- 6 |  7- 9 | 10-12 || total
-------------------------+-------+-------+-------+-------++-------
Melee: War axe           |    75 |   143 |    88 |       ||   306
       Headbutt          |     8 |    27 |    45 |     6 ||    86
       Battleaxe         |       |       |   116 |    52 ||   168
Invok: Curse Item        |       |     1 |       |       ||     1
  Use: Potion            |     4 |     6 |       |     3 ||    13
       Scroll            |     5 |     2 |     2 |       ||     9
  Eat: Chunk             |       |     6 |     5 |       ||    11
       Fruit             |       |       |     4 |       ||     4
       Meat ration       |       |       |     1 |       ||     1
Armor: Scale mail        |    31 |    27 |    69 |    29 ||   156
       Ring mail         |       |    13 |       |       ||    13
Dodge: Dodged            |    28 |    57 |    83 |    50 ||   218
Block: Shield            |    53 |    63 |    63 |       ||   179
       Buckler           |       |    10 |       |       ||    10
